HSSL
MADAWASKA VALLEY HS WOLVES @ ROCKY POINT HS EAGLES
04/22/2027
 
TOP OF THE 1ST
Madawaska Valley HS Wolves batting - Pitching for Rocky Point HS Eagles : RHP Cam Burns
Pitching: RHP Cam Burns
Batting: LHB Bob Campbell 0-0: Ball
1-0: Ball
2-0: Ground out 1-3 (Groundball, P)
Batting: RHB Adam Carpenter 0-0: Ball
1-0: SINGLE (Groundball, 34D)
Batting: SHB Gordon Beatty 0-0: Ball
1-0: SINGLE (Groundball, 6D)
Adam Carpenter to second
Batting: SHB Jason Dundee 0-0: Called Strike
0-1: Ball
1-1: Called Strike
1-2: SINGLE (Line Drive, 7S)
Adam Carpenter to third
Gordon Beatty to second
Batting: RHB Bob Colbert 0-0: SINGLE (Line Drive, 6)
Adam Carpenter scores
Gordon Beatty to third
Jason Dundee to second
Runner from 3rd tries for Home, throw and OUT!
Jason Dundee to third
Bob Colbert to second
Batting: SHB Artie Adams 0-0: Called Strike
0-1: Ball
1-1: SINGLE (Popup, 6MD)
Jason Dundee scores
Bob Colbert to third
Runner from 3rd tries for Home, SAFE, no throw
Batting: RHB Brandon Little 0-0: Ball
1-0: Ball
2-0: Ball
3-0: Base on Balls
Artie Adams to second
Batting: RHB Enrique Navarro 0-0: SINGLE (Flyball, 7LS)
Artie Adams to third
Brandon Little to second
Batting: RHB Leo Snyder 0-0: SINGLE (Groundball, 4D)
Artie Adams scores
Brandon Little to third
Enrique Navarro to second
Runner from 3rd tries for Home, throw and OUT!
Top of the 1st over - 4 run(s), 7 hit(s), 0 error(s), 2 left on base; Madawaska Valley HS 4 - Rocky Point HS 0
BOTTOM OF THE 1ST
Rocky Point HS Eagles batting - Pitching for Madawaska Valley HS Wolves : RHP Francisco Ramírez
Pitching: RHP Francisco Ramírez
Batting: LHB Gus Price 0-0: Foul Ball, location: 2F
0-1: DOUBLE (Flyball, 7LM)
Batting: SHB Josh Conner 0-0: Ball
1-0: Called Strike
1-1: Foul Ball, location: 2F
1-2: Strikes out looking
Batting: RHB Fernando Rodríguez 0-0: Ball
1-0: Ball
2-0: Called Strike
2-1: SINGLE (Groundball, 6MD)
Gus Price to third
Runner from 3rd tries for Home, SAFE, throw made home
Fernando Rodríguez to second
Batting: RHB Andrew Pinto 0-0: Ball
1-0: Fly out, F7 (Flyball, 7S)
Batting: SHB Andrés Coronado 0-0: Ball
1-0: Ball
2-0: Foul Ball, location: 2F
2-1: Called Strike
2-2: Reached via error on a dropped throw, E1
Fernando Rodríguez to third
Batting: RHB Vincent Turner 0-0: Ball
1-0: Ball
2-0: Fly out, F8 (Flyball, 8RS)
Bottom of the 1st over - 1 run(s), 2 hit(s), 1 error(s), 2 left on base; Madawaska Valley HS 4 - Rocky Point HS 1
TOP OF THE 2ND
Madawaska Valley HS Wolves batting - Pitching for Rocky Point HS Eagles : RHP Cam Burns
Batting: LHB Bob Campbell 0-0: Called Strike
0-1: Called Strike
0-2: Foul Ball, location: 2F
0-2: Ball
1-2: Ball
2-2: Foul Ball, location: 2F
2-2: Foul Ball, location: 2F
2-2: Foul Ball, location: 2F
2-2: Foul Ball, location: 2F
2-2: Foul Ball, location: 2F
2-2: SINGLE (Line Drive, 8LS)
Batting: RHB Adam Carpenter 0-0: Foul Ball, location: 2F
0-1: Ball
1-1: Ball
2-1: Foul Ball, location: 2F
2-2: Foul Ball, location: 2F
2-2: Strikes out swinging
Batting: SHB Gordon Beatty 0-0: Ball
Bob Campbell steals 2nd base
1-0: Ball
2-0: Swinging Strike
2-1: Swinging Strike
2-2: Strikes out looking
Batting: SHB Jason Dundee 0-0: Foul Ball, location: 2F
0-1: Ball
1-1: Ball
2-1: Swinging Strike
2-2: Fly out, F9 (Flyball, 9S)
Top of the 2nd over - 0 run(s), 1 hit(s), 0 error(s), 1 left on base; Madawaska Valley HS 4 - Rocky Point HS 1
BOTTOM OF THE 2ND
Rocky Point HS Eagles batting - Pitching for Madawaska Valley HS Wolves : RHP Francisco Ramírez
Batting: RHB Liam Simons 0-0: Ball
1-0: Called Strike
1-1: Foul Ball, location: 2F
1-2: Ball
2-2: Ball
3-2: Base on Balls
Batting: LHB Rob Peterson 0-0: DOUBLE (Line Drive, 89M)
Liam Simons to third
Batting: RHB Ramón Garza 0-0: Ball
1-0: Called Strike
1-1: Ball
2-1: Ball
3-1: Ground out 6-3 (Groundball, 6D)
Liam Simons scores
Batting: LHB Gus Price 0-0: Ball
1-0: Foul Ball, location: 2F
1-1: Ball
2-1: Ground out U3 (Groundball, 3)
Rob Peterson to third
Batting: SHB Josh Conner 0-0: Ball
1-0: Foul Ball, location: 2F
1-1: Called Strike
1-2: Ball
2-2: Ball
3-2: Foul Ball, location: 2F
3-2: Base on Balls
Batting: RHB Fernando Rodríguez 0-0: Reached on error, E4 (Groundball, 4)
Rob Peterson scores
Josh Conner to second
Batting: RHB Andrew Pinto 0-0: DOUBLE (Flyball, 89D)
Josh Conner scores
Fernando Rodríguez to third
Batting: SHB Andrés Coronado 0-0: Ball
1-0: Ball
2-0: Ball
3-0: Base on Balls
Batting: RHB Vincent Turner 0-0: Ball
Passed Ball!
Fernando Rodríguez scores
Andrew Pinto to third
Andrés Coronado to second
1-0: Fly out, F5 (Popup, 5D)
Bottom of the 2nd over - 4 run(s), 2 hit(s), 1 error(s), 2 left on base; Madawaska Valley HS 4 - Rocky Point HS 5
TOP OF THE 3RD
Madawaska Valley HS Wolves batting - Pitching for Rocky Point HS Eagles : RHP Cam Burns
Batting: RHB Bob Colbert 0-0: Foul Ball, location: 2F
0-1: Ground out 4-3 (Groundball, 4S)
Batting: SHB Artie Adams 0-0: Foul Ball, location: 2F
0-1: Fly out, F7 (Flyball, 78M)
Batting: RHB Brandon Little 0-0: Foul Ball, location: 2F
0-1: Fly out, F8 (Flyball, 89D)
Top of the 3rd over - 0 run(s), 0 hit(s), 0 error(s), 0 left on base; Madawaska Valley HS 4 - Rocky Point HS 5
BOTTOM OF THE 3RD
Rocky Point HS Eagles batting - Pitching for Madawaska Valley HS Wolves : RHP Francisco Ramírez
Batting: RHB Liam Simons 0-0: Ball
1-0: SINGLE (Groundball, 5D)
Batting: LHB Rob Peterson 0-0: Ball
1-0: Ball
2-0: SINGLE (Groundball, 34) (infield hit)
Liam Simons to second
Batting: RHB Ramón Garza 0-0: Swinging Strike
0-1: Ball
1-1: Fielders Choice at 2nd, 4-6 (Groundball, 4)
Liam Simons to third
Batting: LHB Gus Price 0-0: Called Strike
Ramón Garza steals 2nd base
0-1: Foul Ball, location: 2F
0-2: Ball
1-2: Ball
2-2: Strikes out swinging
Batting: SHB Josh Conner 0-0: Ball
1-0: Foul Ball, location: 2F
1-1: Ball
2-1: Ball
3-1: Base on Balls
Batting: RHB Fernando Rodríguez 0-0: Ball
1-0: Ball
2-0: Foul Ball, location: 2F
2-1: Fly out, F8 (Flyball, 8RM)
Bottom of the 3rd over - 0 run(s), 2 hit(s), 0 error(s), 3 left on base; Madawaska Valley HS 4 - Rocky Point HS 5
TOP OF THE 4TH
Madawaska Valley HS Wolves batting - Pitching for Rocky Point HS Eagles : RHP Cam Burns
Batting: RHB Enrique Navarro 0-0: Ball
1-0: Ground out 4-3 (Groundball, 34D)
Batting: RHB Leo Snyder 0-0: Ball
1-0: Ball
2-0: SINGLE (Line Drive, 6MD)
Batting: LHB Bob Campbell 0-0: Foul Ball, location: 2F
0-1: Ball
1-1: Called Strike
1-2: Fly out, F7 (Flyball, 7LSF)
Batting: RHB Adam Carpenter 0-0: Ball
Leo Snyder is caught stealing 2nd base
Top of the 4th over - 0 run(s), 1 hit(s), 0 error(s), 0 left on base; Madawaska Valley HS 4 - Rocky Point HS 5
BOTTOM OF THE 4TH
Rocky Point HS Eagles batting - Pitching for Madawaska Valley HS Wolves : RHP Francisco Ramírez
Batting: RHB Andrew Pinto 0-0: Ball
1-0: Foul Ball, location: 2F
1-1: Ball
2-1: Ball
3-1: SINGLE (Groundball, 56S) (infield hit)
Batting: SHB Andrés Coronado 0-0: Ball
1-0: Ball
2-0: Ball
3-0: Base on Balls
Andrew Pinto to second
Pitching: RHP Kevin Lester
Batting: RHB Vincent Turner 0-0: Ball
1-0: Foul Ball, location: 2F
1-1: Ball
2-1: Grounds into double play, 5-4-3 (Groundball, 5)
Andrew Pinto to third
Batting: RHB Liam Simons 0-0: Ground out 1-3 (Groundball, 13)
Bottom of the 4th over - 0 run(s), 1 hit(s), 0 error(s), 1 left on base; Madawaska Valley HS 4 - Rocky Point HS 5
TOP OF THE 5TH
Madawaska Valley HS Wolves batting - Pitching for Rocky Point HS Eagles : RHP Cam Burns
Batting: RHB Adam Carpenter 0-0: Called Strike
0-1: SINGLE (Line Drive, 8RS)
Batting: SHB Gordon Beatty 0-0: Foul Ball, location: 2F
0-1: 2-RUN HOME RUN (Flyball, 89XD), Distance : 433 ft
Batting: SHB Jason Dundee 0-0: Reached on error, E4 (Groundball, 4)
Batting: RHB Bob Colbert 0-0: Ball
1-0: Ball
2-0: Ball
3-0: Called Strike
3-1: Foul Ball, location: 2F
3-2: SINGLE (Groundball, 56S) (infield hit)
Jason Dundee to second
Batting: SHB Artie Adams 0-0: Ball
1-0: Foul Ball, location: 2F
1-1: Called Strike
1-2: DOUBLE (Line Drive, 7LM)
Jason Dundee scores
Bob Colbert to third
Pitching: LHP Keith Burns
Batting: RHB Brandon Little 0-0: Called Strike
0-1: Foul Ball, location: 2F
0-2: Ball
1-2: Foul Ball, location: 2F
1-2: Ball
2-2: Ball
3-2: Strikes out swinging
Pitching: LHP Rick Estes
Batting: RHB Enrique Navarro 0-0: Ball
1-0: Swinging Strike
1-1: Ball
2-1: Foul Ball, location: 2F
2-2: Foul Ball, location: 2F
2-2: Strikes out swinging
Pitching: RHP Nick Cox
Batting: RHB Leo Snyder 0-0: Ball
1-0: Ball
2-0: Fly out, F5 (Line Drive, 56)
Top of the 5th over - 3 run(s), 4 hit(s), 1 error(s), 2 left on base; Madawaska Valley HS 7 - Rocky Point HS 5
BOTTOM OF THE 5TH
Rocky Point HS Eagles batting - Pitching for Madawaska Valley HS Wolves : RHP Kevin Lester
Batting: LHB Rob Peterson 0-0: Called Strike
0-1: Ball
1-1: Foul Ball, location: 2F
1-2: Fly out, F8 (Flyball, 8RM)
Batting: RHB Ramón Garza 0-0: Called Strike
0-1: Foul Ball, location: 2F
0-2: Ball
1-2: SINGLE (Groundball, 4D)
Batting: LHB Gus Price 0-0: Swinging Strike
0-1: Swinging Strike
0-2: SINGLE (Groundball, 6) (infield hit)
Ramón Garza to second
Batting: SHB Josh Conner 0-0: Swinging Strike
0-1: Ball
1-1: Foul Ball, location: 2F
1-2: SINGLE (Line Drive, 34)
Ramón Garza to third
Gus Price to second
Batting: RHB Fernando Rodríguez 0-0: Called Strike
0-1: Ball
1-1: Ball
2-1: Fielders Choice at 2nd, 6-4 (Groundball, 6)
Ramón Garza scores
Gus Price to third
Batting: RHB Andrew Pinto 0-0: Foul Ball, location: 2F
0-1: Ball
1-1: Ball
2-1: Ball
3-1: TRIPLE (Flyball, 8RD)
Gus Price scores
Fernando Rodríguez scores
Batting: SHB Andrés Coronado 0-0: Ball
1-0: Ball
2-0: Fly out, F7 (Flyball, 7)
Bottom of the 5th over - 3 run(s), 4 hit(s), 0 error(s), 1 left on base; Madawaska Valley HS 7 - Rocky Point HS 8
TOP OF THE 6TH
Madawaska Valley HS Wolves batting - Pitching for Rocky Point HS Eagles : RHP Nick Cox
Now at C: Pedro Cháves
Batting: LHB Bob Campbell 0-0: Called Strike
0-1: Foul Ball, location: 2F
0-2: Foul Ball, location: 2F
0-2: DOUBLE (Line Drive, 89D)
Batting: RHB Adam Carpenter 0-0: Ball
Bob Campbell steals 3rd base
1-0: Ball
2-0: SINGLE (Groundball, 6D)
Bob Campbell scores
Batting: SHB Gordon Beatty 0-0: Foul Ball, location: 2F
0-1: Fielders Choice at 2nd, 4-6 (Groundball, 4)
Batting: SHB Jason Dundee 0-0: Foul Ball, location: 2F
0-1: Ball
1-1: Ball
2-1: Foul Ball, location: 2F
2-2: Grounds into double play, 6-4-3 (Groundball, 6)
Top of the 6th over - 1 run(s), 2 hit(s), 0 error(s), 0 left on base; Madawaska Valley HS 8 - Rocky Point HS 8
BOTTOM OF THE 6TH
Rocky Point HS Eagles batting - Pitching for Madawaska Valley HS Wolves : RHP Kevin Lester
Pitching: RHP Kevin Johnston
Batting: RHB Vincent Turner 0-0: Ball
1-0: Ball
2-0: Foul Ball, location: 2F
2-1: Swinging Strike
2-2: Strikes out looking
Batting: RHB Liam Simons 0-0: Called Strike
0-1: Hit by Pitch
Batting: LHB Rob Peterson 0-0: Ball
1-0: Foul Ball, location: 2F
1-1: Ball
2-1: Fly out, F6 (Line Drive, 6M)
Batting: RHB Ramón Garza 0-0: Called Strike
0-1: Ball
1-1: Foul Ball, location: 2F
1-2: Foul Ball, location: 2F
1-2: Ball
2-2: Fly out, F9 (Flyball, 9S)
Bottom of the 6th over - 0 run(s), 0 hit(s), 0 error(s), 1 left on base; Madawaska Valley HS 8 - Rocky Point HS 8
TOP OF THE 7TH
Madawaska Valley HS Wolves batting - Pitching for Rocky Point HS Eagles : RHP Nick Cox
Batting: RHB Bob Colbert 0-0: Ball
1-0: Foul Ball, location: 2F
1-1: Called Strike
1-2: Strikes out swinging
Batting: SHB Artie Adams 0-0: SINGLE (Groundball, 56D)
Batting: RHB Brandon Little 0-0: Called Strike
0-1: Swinging Strike
0-2: Foul Ball, location: 2F
0-2: Ball
1-2: Ball
2-2: Foul Ball, location: 2F
2-2: DOUBLE (Line Drive, 9LS)
Artie Adams to third
Runner from 3rd tries for Home, SAFE, throw made home
Batting: RHB Enrique Navarro 0-0: Ball
1-0: Ball
2-0: Swinging Strike
2-1: Ball
3-1: Base on Balls
Batting: RHB Leo Snyder 0-0: SINGLE (Line Drive, 8LS)
Brandon Little to third
Enrique Navarro to second
Batting: LHB Bob Campbell 0-0: Foul Ball, location: 2F
0-1: Ball
1-1: Ball
2-1: Ball
3-1: Base on Balls
Brandon Little scores
Enrique Navarro to third
Leo Snyder to second
Batting: RHB Adam Carpenter 0-0: Ball
1-0: SINGLE (Groundball, 4MD)
Enrique Navarro scores
Leo Snyder to third
Bob Campbell to second
Runner from 3rd tries for Home, SAFE, no throw
Batting: SHB Gordon Beatty 0-0: Ball
1-0: Called Strike
1-1: Ball
2-1: Called Strike
2-2: Ball
3-2: Base on Balls
Bob Campbell to third
Adam Carpenter to second
Batting: SHB Jason Dundee 0-0: SINGLE (Flyball, 7S)
Bob Campbell scores
Adam Carpenter to third
Gordon Beatty to second
Runner from 3rd tries for Home, SAFE, no throw
Batting: RHB Bob Colbert 0-0: Swinging Strike
0-1: Fly out, F6 (Line Drive, 6)
Batting: SHB Artie Adams 0-0: Ball
1-0: Called Strike
1-1: Foul Ball, location: 2F
1-2: Ball
Wild Pitch!
Gordon Beatty to third
Jason Dundee to second
2-2: Ball
3-2: Base on Balls
Batting: RHB Brandon Little 0-0: Ball
1-0: SINGLE (Flyball, 7S)
Gordon Beatty scores
Jason Dundee to third
Artie Adams to second
Batting: RHB Enrique Navarro 0-0: Ball
1-0: Called Strike
1-1: SINGLE (Flyball, 8RS)
Jason Dundee scores
Artie Adams to third
Brandon Little to second
Runner from 3rd tries for Home, SAFE, throw made home
Pitching: RHP John Lindsey
Batting: RHB Leo Snyder 0-0: 3-RUN HOME RUN (Line Drive, 7D), Distance : 368 ft
Batting: LHB Bob Campbell 0-0: Foul Ball, location: 2F
0-1: Ball
1-1: Ball
2-1: Called Strike
2-2: Ball
3-2: Foul Ball, location: 2F
3-2: Base on Balls
Batting: RHB Adam Carpenter 0-0: Swinging Strike
0-1: Fielders Choice at 2nd, 4-6 (Groundball, 4)
Top of the 7th over - 12 run(s), 8 hit(s), 0 error(s), 0 left on base; Madawaska Valley HS 20 - Rocky Point HS 8
BOTTOM OF THE 7TH
Rocky Point HS Eagles batting - Pitching for Madawaska Valley HS Wolves : RHP Kevin Johnston
Batting: LHB Gus Price 0-0: Ball
1-0: Ball
2-0: Ball
3-0: Base on Balls
Batting: RHB Pedro Cháves 0-0: Called Strike
0-1: Ball
1-1: Ball
2-1: Foul Ball, location: 2F
2-2: Ball
3-2: Base on Balls
Gus Price to second
Batting: RHB Fernando Rodríguez 0-0: Ball
1-0: Foul Ball, location: 2F
1-1: Ball
2-1: SINGLE (Groundball, 6D)
Gus Price to third
Pedro Cháves to second
Batting: RHB Andrew Pinto 0-0: Ball
1-0: Foul Ball, location: 2F
1-1: Ball
2-1: Swinging Strike
2-2: Ball
3-2: SINGLE (Line Drive, 3D)
Gus Price scores
Pedro Cháves to third
Fernando Rodríguez to second
Batting: SHB Andrés Coronado 0-0: Ball
1-0: Ball
2-0: Ball
3-0: Called Strike
3-1: Base on Balls
Pedro Cháves scores
Fernando Rodríguez to third
Andrew Pinto to second
Batting: RHB Vincent Turner 0-0: Called Strike
0-1: Ball
1-1: Ball
2-1: Grounds into double play, 6-4-3 (Groundball, 56)
Fernando Rodríguez scores
Andrew Pinto to third
Batting: RHB Liam Simons 0-0: Ground out 5-3 (Groundball, 56)
Bottom of the 7th over - 3 run(s), 2 hit(s), 0 error(s), 1 left on base; Madawaska Valley HS 20 - Rocky Point HS 11
TOP OF THE 8TH
Madawaska Valley HS Wolves batting - Pitching for Rocky Point HS Eagles : RHP John Lindsey
Batting: SHB Gordon Beatty 0-0: Ball
1-0: SINGLE (Groundball, 6D)
Batting: SHB Jason Dundee 0-0: Called Strike
0-1: Ball
1-1: Called Strike
1-2: Ball
2-2: Foul Ball, location: 2F
2-2: Foul Ball, location: 2F
2-2: Foul Ball, location: 2F
2-2: Fly out, F8 (Flyball, 8LM)
Batting: RHB Bob Colbert 0-0: Called Strike
0-1: DOUBLE (Line Drive, 5D)
Gordon Beatty to third
Batting: SHB Artie Adams 0-0: Ball
1-0: Ball
Wild Pitch!
Gordon Beatty scores
Bob Colbert to third
2-0: Called Strike
2-1: Ground out 4-3 (Groundball, 34D)
Bob Colbert scores
Batting: RHB Brandon Little 0-0: Foul Ball, location: 2F
0-1: Ball
1-1: Foul Ball, location: 2F
1-2: Foul Ball, location: 2F
1-2: Ball
2-2: Ball
3-2: Foul Ball, location: 2F
3-2: Base on Balls
Batting: RHB Enrique Navarro 0-0: Ball
1-0: Ball
2-0: Ball
3-0: Called Strike
3-1: Foul Ball, location: 2F
3-2: Base on Balls
Brandon Little to second
Batting: RHB Leo Snyder 0-0: Foul Ball, location: 2F
0-1: SINGLE (Flyball, 89S)
Brandon Little to third
Enrique Navarro to second
Batting: LHB Bob Campbell 0-0: Ball
1-0: Ball
2-0: SINGLE (Groundball, 4) (infield hit)
Brandon Little scores
Enrique Navarro to third
Leo Snyder to second
Batting: RHB Adam Carpenter 0-0: Foul Ball, location: 2F
0-1: Ball
Passed Ball!
Enrique Navarro scores
Leo Snyder to third
Bob Campbell to second
1-1: Ball
2-1: Foul Ball, location: 2F
2-2: Strikes out swinging
Top of the 8th over - 4 run(s), 4 hit(s), 0 error(s), 2 left on base; Madawaska Valley HS 24 - Rocky Point HS 11
BOTTOM OF THE 8TH
Rocky Point HS Eagles batting - Pitching for Madawaska Valley HS Wolves : RHP Kevin Johnston
Batting: LHB Rob Peterson 0-0: Called Strike
0-1: Ball
1-1: Foul Ball, location: 2F
1-2: Strikes out swinging
Pitching: LHP David Pérez
Batting: RHB Ramón Garza 0-0: Called Strike
0-1: Ball
1-1: Ball
2-1: Ball
3-1: Base on Balls
Batting: LHB Gus Price 0-0: Ball
1-0: Called Strike
1-1: Ball
2-1: Foul Ball, location: 2F
2-2: Foul Ball, location: 2F
2-2: Ball
3-2: Foul Ball, location: 2F
3-2: Base on Balls
Ramón Garza to second
Batting: RHB Pedro Cháves 0-0: Swinging Strike
0-1: Swinging Strike
0-2: Ball
Wild Pitch!
Ramón Garza to third
Gus Price to second
1-2: Ball
2-2: Foul Ball, location: 2F
2-2: Strikes out swinging
Batting: RHB Fernando Rodríguez 0-0: Foul Ball, location: 2F
0-1: Swinging Strike
0-2: Ball
1-2: Foul Ball, location: 2F
1-2: Ball
2-2: Ball
3-2: Foul Ball, location: 2F
3-2: Strikes out swinging
Bottom of the 8th over - 0 run(s), 0 hit(s), 0 error(s), 2 left on base; Madawaska Valley HS 24 - Rocky Point HS 11
TOP OF THE 9TH
Madawaska Valley HS Wolves batting - Pitching for Rocky Point HS Eagles : RHP John Lindsey
Batting: SHB Gordon Beatty 0-0: Called Strike
0-1: Swinging Strike
0-2: Ball
1-2: Ball
2-2: Ball
3-2: Foul Ball, location: 2F
3-2: Foul Ball, location: 2F
3-2: Foul Ball, location: 2F
3-2: Base on Balls
Batting: SHB Jason Dundee 0-0: Ball
1-0: Ball
2-0: Ball
3-0: Base on Balls
Gordon Beatty to second
Batting: RHB Bob Colbert 0-0: Swinging Strike
0-1: Fly out, F9 (Flyball, 9S)
Batting: SHB Artie Adams 0-0: Ball
1-0: SINGLE (Groundball, 56D)
Gordon Beatty to third
Jason Dundee to second
Runner from 3rd tries for Home, SAFE, throw made at trailing runner, OUT at third!
Batting: RHB Brandon Little 0-0: Ball
1-0: Foul Ball, location: 2F
1-1: Swinging Strike
1-2: 2-RUN HOME RUN (Flyball, 78XD), Distance : 405 ft
Batting: RHB Enrique Navarro 0-0: Ball
1-0: Ball
2-0: Foul Ball, location: 2F
2-1: Ball
3-1: Base on Balls
Batting: RHB Leo Snyder 0-0: Foul Ball, location: 2F
0-1: Ball
1-1: Foul Ball, location: 2F
1-2: Ball
2-2: Ball
3-2: Base on Balls
Enrique Navarro to second
Batting: LHB Bob Campbell 0-0: Called Strike
0-1: Ground out U3 (Groundball, 3)
Top of the 9th over - 3 run(s), 2 hit(s), 0 error(s), 2 left on base; Madawaska Valley HS 27 - Rocky Point HS 11
BOTTOM OF THE 9TH
Rocky Point HS Eagles batting - Pitching for Madawaska Valley HS Wolves : LHP David Pérez
Batting: RHB Andrew Pinto 0-0: Called Strike
0-1: Ground out 6-3 (Groundball, 56)
Batting: SHB Andrés Coronado 0-0: Swinging Strike
0-1: Ball
1-1: Foul Ball, location: 2F
1-2: Strikes out swinging
Pinch Hitting: RHB Fernando Pagán 0-0: Fly out, F7 (Line Drive, 7D)
Bottom of the 9th over - 0 run(s), 0 hit(s), 0 error(s), 0 left on base; Madawaska Valley HS 27 - Rocky Point HS 11
Thursday, March 30th, 2017 - OOTP Baseball 17.12 Build 75